Map: Руины Сераса

Players

GoodGameRU

  • Race: Terran Terran

Curse - Winner!

  • Race: Terran Terran

VOD

Have the link to the VOD?

Description

Time

  • Played on: April 12, 2015, 5:48 a.m.
  • Length: 10:11
Show
View Real Time Build Order
Export as new Build Order

GoodGameRU Terran 

Build Orders: Command Center First (CC), Mech 

Get SALT Encoding   

  12  0:02  SCV  
  13  0:14  SCV  
  14  0:18  Supply Depot  
  14  0:29  SCV  
  15  0:41  SCV  
  16  0:53  SCV  
  17  1:01  Command Center  
  17  1:05  SCV  
  18  1:18  SCV  
  19  1:19  Barracks  
  19  1:25  Refinery  
  19  1:32  SCV  
  20  1:41  Refinery  
  20  1:44  SCV  
  21  1:57  SCV  
  22  2:15  Orbital Command  
  22  2:17  Orbital Command  
  22  2:19  Marine  
  23  2:24  Bunker  
  23  2:29  Factory  
  23  2:43  SCV  
  24  2:44  Barracks Reactor  
  24  2:46  SCV  
  25  2:57  Factory  
  25  3:01  SCV x2  
  25  3:02  Supply Depot  
  27  3:13  SCV  
  27  3:16  SCV  
  29  3:27  SCV, Barracks Tech Lab, Armory  
  30  3:28  Hellion x2  
  30  3:31  SCV, Refinery  
  35  3:42  SCV  
  35  3:49  Hellion  
  35  3:50  Hellion  
  35  3:54  SCV  
  40  3:57  Cyclone  
  40  3:58  SCV  
  42  4:12  Hellion x2  
  46  4:22  Supply Depot  
  46  4:25  SCV x2  
  46  4:30  Cyclone  
  45  4:38  SCV  
  46  4:44  SCV, Hellion x2  
  51  4:49  Command Center, Terran Vehicle and Ship Weapons Level 1  
  51  4:50  SCV, Infernal Pre-Igniter  
  52  5:00  SCV  
  52  5:06  SCV, Refinery, Supply Depot  
  54  5:10  Factory  
  54  5:14  Hellion  
  54  5:23  Cyclone, Hellion, Engineering Bay  
  59  5:30  SCV x2  
  57  5:47  Hellion x2  
  57  5:48  SCV x2  
  58  5:55  Factory Tech Lab  
  58  5:57  Cyclone  
  58  6:02  SCV  
  58  6:03  SCV  
  63  6:06  Missile Turret x2  
  63  6:15  Missile Turret  
  63  6:16  Missile Turret  
  59  6:38  Cyclone x2  
  59  6:39  SCV x2, Hellion x2  
  71  6:41  Orbital Command  
  71  6:57  SCV x2  
  71  6:59  Terran Vehicle and Ship Weapons Level 2  
  73  7:04  Hellion x2  
  77  7:09  SCV x2  
  79  7:17  Siege Tank  
  79  7:18  Siege Tank  
  85  7:29  Hellion  
  85  7:34  Supply Depot  
  85  7:35  Supply Depot  
  85  7:44  SCV  
  85  7:55  Hellion  
  85  7:56  SCV x2  
  85  7:57  SCV  
  77  8:07  Hellion, Siege Tank x2  
  77  8:09  SCV x2  
  87  8:12  Refinery  
  87  8:13  Refinery  
  87  8:15  SCV  
  87  8:17  Hellion  
  90  8:20  Factory  
  90  8:21  SCV x2, Factory  
  90  8:25  Refinery  
  90  8:26  Command Center  
  92  8:27  SCV  
  92  8:29  Refinery  
  92  8:33  SCV x2  
  95  8:37  Supply Depot  
  95  8:38  Hellion x2  
  95  8:39  SCV  
  100  8:41  Supply Depot  
  100  8:47  Siege Tank  
  76  9:01  Siege Tank  
  76  9:02  Hellion x2  
  74  9:15  Factory Tech Lab, Orbital Command  
  74  9:16  Factory Tech Lab  
  74  9:19  Siege Tank, Missile Turret  
  76  9:25  Hellion x2  
  80  9:31  SCV  
  80  9:32  SCV  
  80  9:36  Hellion x3  
  88  9:45  Command Center  
  88  9:46  Hellion  
Show
View Real Time Build Order
Export as new Build Order

Curse Terran - Winner!

Build Orders: Bio Tank, Siege Tank Drop 

Get SALT Encoding   

  12  0:04  SCV  
  13  0:16  SCV  
  13  0:21  Supply Depot  
  14  0:28  SCV  
  15  0:42  SCV  
  16  0:45  Barracks  
  16  0:52  Refinery  
  16  0:54  SCV  
  17  1:06  SCV  
  18  1:18  SCV  
  19  1:32  Orbital Command  
  19  1:33  Marine  
  19  1:35  Supply Depot  
  19  1:38  Refinery  
  20  1:51  Marine  
  20  1:53  Factory  
  21  1:59  SCV  
  22  2:09  Marine  
  22  2:11  SCV  
  24  2:23  SCV  
  24  2:27  Marine  
  26  2:32  Supply Depot  
  26  2:35  SCV  
  27  2:38  Factory Tech Lab  
  27  2:39  Starport  
  27  2:48  SCV  
  28  2:57  Command Center  
  27  3:01  Siege Tank  
  30  3:06  SCV  
  31  3:15  Barracks Reactor  
  31  3:16  Medivac  
  31  3:18  SCV  
  34  3:30  SCV  
  35  3:36  Siege Tank  
  35  3:37  Supply Depot  
  38  3:42  SCV  
  39  3:58  SCV, Viking  
  42  4:13  Orbital Command  
  42  4:14  SCV  
  43  4:17  Marine x2  
  43  4:18  Siege Tank  
  48  4:26  SCV  
  46  4:38  SCV  
  46  4:43  SCV  
  46  4:44  Medivac  
  45  4:50  SCV  
  46  4:54  Barracks  
  46  4:55  SCV  
  46  4:56  Command Center  
  46  5:00  Barracks  
  46  5:03  SCV  
  47  5:07  SCV  
  47  5:11  Marine x2  
  50  5:15  SCV  
  50  5:16  Siege Tank  
  50  5:19  SCV, Starport Reactor  
  55  5:24  Refinery x2  
  55  5:26  Supply Depot  
  55  5:27  SCV  
  56  5:32  SCV, Supply Depot  
  56  5:33  Marine x2  
  59  5:42  SCV  
  57  5:50  Barracks Tech Lab x2  
  57  5:52  SCV, Supply Depot  
  57  5:54  Supply Depot  
  57  5:55  SCV  
  59  6:00  Supply Depot, Marine  
  59  6:01  Marine  
  59  6:02  Siege Tank  
  64  6:05  Medivac  
  64  6:06  Medivac  
  64  6:07  SCV  
  64  6:08  SCV  
  64  6:09  Marine x2  
  72  6:20  SCV x2  
  72  6:25  Marine x2  
  74  6:32  SCV  
  77  6:33  SCV  
  77  6:34  Orbital Command  
  77  6:36  Stimpack, Marauder x2  
  77  6:39  Combat Shields  
  82  6:43  Siege Tank  
  82  6:44  SCV  
  82  6:45  SCV  
  87  6:47  Marine  
  87  6:50  Marine  
  89  6:57  SCV, Marauder, Marine  
  93  7:03  Orbital Command  
  93  7:04  SCV  
  93  7:05  Barracks  
  94  7:09  Barracks  
  94  7:10  Marine x2  
  94  7:12  Medivac  
  98  7:19  SCV  
  98  7:20  SCV  
  104  7:22  Marauder  
  104  7:23  Marauder  
  104  7:25  Siege Tank  
  107  7:31  SCV, Supply Depot  
  107  7:32  Supply Depot  
  107  7:34  SCV  
  109  7:38  SCV  
  109  7:41  Supply Depot  
  109  7:42  Supply Depot  
  109  7:43  SCV, Engineering Bay  
  111  7:48  Engineering Bay, Marine  
  111  7:49  Marine, Marauder x2  
  93  8:06  Marine  
  93  8:07  Marine  
  93  8:09  Barracks Tech Lab  
  93  8:10  Marauder x2  
  95  8:14  Refinery  
  95  8:15  Command Center  
  95  8:16  Barracks Reactor  
  95  8:19  Siege Tank  
  98  8:24  Marine, Medivac  
  98  8:25  Marine  
  98  8:26  Medivac  
  104  8:31  Marauder x2  
  104  8:32  Marauder  
  110  8:38  Supply Depot  
  110  8:41  Supply Depot  
  110  8:42  Marine  
  107  8:52  Marauder  
  107  8:53  Marine x3, Marauder x2  
  104  8:58  Siege Tank, Medivac  
  104  9:00  Concussive Shells, Marine  
  106  9:10  SCV  
  106  9:11  Marine  
  106  9:14  Marauder x3  
  106  9:15  Command Center  
  106  9:16  Marine x2  
  116  9:17  Marine  
  117  9:24  Barracks x2  
  117  9:35  Marauder  
  117  9:36  Marine, Marauder  
  117  9:37  Marauder  
  124  9:47  SCV x2  
  130  10:10  Supply Depot, Engineering Bay, Armory  
Tags
 
Add a new tag
Caveats
  • Supply blocks, unpowered buildings, or Contaminate may cause inaccurate times.
  • Supply counts are checked every 10 seconds.